HSSL
MASCONOMET HS CHIEFTANS @ BISHOP GORMAN HS BALBASAURS
04/01/2026
 
TOP OF THE 1ST
Masconomet HS Chieftans batting - Pitching for Bishop Gorman HS Balbasaurs : RHP Armando Rodríguez
Pitching: RHP Armando Rodríguez
Batting: RHB Frank Music 0-0: Called Strike
0-1: Ball
1-1: Ball
2-1: Ball
3-1: Base on Balls
Batting: RHB Tyler Robinson 0-0: Ball
Frank Music steals 2nd base
1-0: Foul Ball, location: 2F
1-1: Ball
2-1: DOUBLE (Flyball, 78M)
Frank Music scores
Batting: RHB Tim Hesse 0-0: SINGLE (Line Drive, 7S)
Tyler Robinson to third
Batting: RHB Clancy Castro 0-0: Ball
1-0: Called Strike
1-1: Ball
2-1: Called Strike
2-2: Foul Ball, location: 2F
2-2: Strikes out swinging
Batting: LHB Trent Andrews 0-0: Called Strike
0-1: Hit by Pitch
Tim Hesse to second
Batting: RHB Ryan Beck 0-0: Ball
1-0: Ball
2-0: Ball
3-0: Base on Balls
Tyler Robinson scores
Tim Hesse to third
Trent Andrews to second
Batting: RHB António Rojas 0-0: Called Strike
0-1: Ball
1-1: Swinging Strike
1-2: Foul Ball, location: 2F
1-2: Strikes out swinging
Batting: SHB Jim Orr 0-0: Ball
1-0: Foul Ball, location: 2F
1-1: Ball
2-1: Foul Ball, location: 2F
2-2: Fly out, F8 (Flyball, 8RM)
Top of the 1st over - 2 run(s), 2 hit(s), 0 error(s), 3 left on base; Masconomet HS 2 - Bishop Gorman HS 0
BOTTOM OF THE 1ST
Bishop Gorman HS Balbasaurs batting - Pitching for Masconomet HS Chieftans : LHP Clarence Gill
Pitching: LHP Clarence Gill
Batting: RHB Steve Murphy 0-0: Ball
1-0: Swinging Strike
1-1: Ball
2-1: Ball
3-1: Base on Balls
Batting: RHB Jake Rutledge 0-0: Ball
1-0: Ball
2-0: Ball
3-0: Swinging Strike
3-1: Foul Ball, location: 2F
3-2: Foul Ball, location: 2F
3-2: Foul Ball, location: 2F
3-2: Strikes out looking
Steve Murphy steals 2nd base
Batter strikes out.
Batting: LHB Jean-Sébastien Beaudin 0-0: Ball
1-0: Foul Ball, location: 2F
1-1: Ball
2-1: Foul Ball, location: 2F
2-2: Foul Ball, location: 2F
2-2: Foul Ball, location: 2F
2-2: Strikes out swinging
Batting: RHB Sidney Gilbert 0-0: Called Strike
0-1: Called Strike
0-2: Strikes out looking
Bottom of the 1st over - 0 run(s), 0 hit(s), 0 error(s), 1 left on base; Masconomet HS 2 - Bishop Gorman HS 0
TOP OF THE 2ND
Masconomet HS Chieftans batting - Pitching for Bishop Gorman HS Balbasaurs : RHP Armando Rodríguez
Batting: LHB David Hebert 0-0: Swinging Strike
0-1: Called Strike
0-2: Ball
1-2: Ball
2-2: Strikes out swinging
Batting: RHB Frank Music 0-0: Swinging Strike
0-1: Ground out U3 (Groundball, 3S)
Batting: RHB Tyler Robinson 0-0: Called Strike
0-1: Foul Ball, location: 2F
0-2: Strikes out swinging
Top of the 2nd over - 0 run(s), 0 hit(s), 0 error(s), 0 left on base; Masconomet HS 2 - Bishop Gorman HS 0
BOTTOM OF THE 2ND
Bishop Gorman HS Balbasaurs batting - Pitching for Masconomet HS Chieftans : LHP Clarence Gill
Batting: RHB Max Kimball 0-0: Ball
1-0: Ball
2-0: Ball
3-0: Called Strike
3-1: Swinging Strike
3-2: Foul Ball, location: 2F
3-2: Foul Ball, location: 2F
3-2: Strikes out swinging
Batting: LHB Zhen-bang Rao 0-0: Called Strike
0-1: Ball
1-1: Foul Ball, location: 2F
1-2: Ball
2-2: Ball
3-2: Base on Balls
Batting: RHB Ramón Chávez 0-0: Ball
1-0: Foul Ball, location: 2F
Single, Error in OF, E7, batter to second base
Zhen-bang Rao to third
Batting: RHB Mario Ramírez 0-0: Hit by Pitch
Batting: RHB Bryan Martínez 0-0: Foul Ball, location: 2F
0-1: Foul Ball, location: 2F
0-2: Ball
1-2: Ball
Wild Pitch!
Zhen-bang Rao scores
Ramón Chávez to third
Mario Ramírez to second
2-2: Ground out 4-3 (Groundball, 4M)
Ramón Chávez scores
Mario Ramírez to third
Batting: RHB Steve Murphy 0-0: Ball
1-0: Called Strike
1-1: Swinging Strike
1-2: Ball
2-2: Ball
Reached via error on a dropped throw, E3
Mario Ramírez scores
Batting: RHB Jake Rutledge 0-0: Called Strike
0-1: Called Strike
0-2: Ball
1-2: Strikes out swinging
Bottom of the 2nd over - 3 run(s), 1 hit(s), 2 error(s), 1 left on base; Masconomet HS 2 - Bishop Gorman HS 3
TOP OF THE 3RD
Masconomet HS Chieftans batting - Pitching for Bishop Gorman HS Balbasaurs : RHP Armando Rodríguez
Batting: RHB Tim Hesse 0-0: Called Strike
0-1: SINGLE (Groundball, 6D)
Batting: RHB Clancy Castro 0-0: Ball
1-0: Ball
2-0: Ball
3-0: Base on Balls
Tim Hesse to second
Batting: LHB Trent Andrews 0-0: Ball
1-0: Ball
2-0: Called Strike
2-1: Foul Ball, location: 2F
2-2: Grounds out, U3 (Groundball, 3L)
Tim Hesse to third
Batting: RHB Ryan Beck 0-0: Called Strike
0-1: Ball
1-1: Swinging Strike
Passed Ball!
Tim Hesse scores
Clancy Castro to third
1-2: Ball
2-2: Ball
3-2: Strikes out swinging
Batting: RHB António Rojas 0-0: Called Strike
0-1: Ball
1-1: Called Strike
1-2: Ball
2-2: Ball
3-2: Foul Ball, location: 2F
3-2: SINGLE (Line Drive, 6D)
Clancy Castro scores
Batting: SHB Jim Orr 0-0: Ball
1-0: DOUBLE (Line Drive, 89S)
António Rojas to third
Batting: LHB David Hebert 0-0: Ball
1-0: Foul Ball, location: 2F
1-1: Ground out 3-1 (Groundball, 34)
Top of the 3rd over - 2 run(s), 3 hit(s), 0 error(s), 2 left on base; Masconomet HS 4 - Bishop Gorman HS 3
BOTTOM OF THE 3RD
Bishop Gorman HS Balbasaurs batting - Pitching for Masconomet HS Chieftans : LHP Clarence Gill
Batting: LHB Jean-Sébastien Beaudin 0-0: Called Strike
0-1: Swinging Strike
0-2: Foul Ball, location: 2F
0-2: Strikes out swinging
Batting: RHB Sidney Gilbert 0-0: Swinging Strike
0-1: Fly out, F8 (Line Drive, 8RM)
Batting: RHB Max Kimball 0-0: Called Strike
0-1: Foul Ball, location: 2F
0-2: Strikes out swinging
Bottom of the 3rd over - 0 run(s), 0 hit(s), 0 error(s), 0 left on base; Masconomet HS 4 - Bishop Gorman HS 3
TOP OF THE 4TH
Masconomet HS Chieftans batting - Pitching for Bishop Gorman HS Balbasaurs : RHP Armando Rodríguez
Batting: RHB Frank Music 0-0: Swinging Strike
0-1: Ball
1-1: Called Strike
1-2: Foul Ball, location: 2F
1-2: Ball
2-2: Ball
3-2: Foul Ball, location: 2F
3-2: Base on Balls
Batting: RHB Tyler Robinson 0-0: Ball
1-0: Fly out, F8 (Flyball, 8LM)
Pitching: RHP Craig Stanley
Batting: RHB Tim Hesse 0-0: Called Strike
0-1: Called Strike
Frank Music steals 2nd base
0-2: Ball
1-2: 2-RUN HOME RUN (Flyball, 7D), Distance : 379 ft
Batting: RHB Clancy Castro 0-0: Foul Ball, location: 2F
0-1: Swinging Strike
0-2: Strikes out swinging
Batting: LHB Trent Andrews 0-0: Called Strike
0-1: Foul Ball, location: 2F
0-2: Foul Ball, location: 2F
0-2: Strikes out swinging
Top of the 4th over - 2 run(s), 1 hit(s), 0 error(s), 0 left on base; Masconomet HS 6 - Bishop Gorman HS 3
BOTTOM OF THE 4TH
Bishop Gorman HS Balbasaurs batting - Pitching for Masconomet HS Chieftans : LHP Clarence Gill
Batting: LHB Zhen-bang Rao 0-0: Ball
1-0: Ball
2-0: Called Strike
2-1: Foul Ball, location: 2F
2-2: Ball
3-2: Strikes out swinging
Batting: RHB Ramón Chávez 0-0: Called Strike
0-1: Ground out 5-3 (Groundball, 56)
Batting: RHB Mario Ramírez 0-0: Called Strike
0-1: Ground out 5-3 (Groundball, 5S)
Bottom of the 4th over - 0 run(s), 0 hit(s), 0 error(s), 0 left on base; Masconomet HS 6 - Bishop Gorman HS 3
TOP OF THE 5TH
Masconomet HS Chieftans batting - Pitching for Bishop Gorman HS Balbasaurs : RHP Craig Stanley
Batting: RHB Ryan Beck 0-0: Ball
1-0: Called Strike
1-1: Swinging Strike
1-2: Fly out, F6 (Line Drive, 6M)
Batting: RHB António Rojas 0-0: Ball
1-0: Foul Ball, location: 2F
1-1: Foul Ball, location: 2F
1-2: Ball
2-2: Ball
3-2: Base on Balls
Batting: SHB Jim Orr 0-0: Called Strike
0-1: Called Strike
0-2: Ball
1-2: SINGLE (Flyball, 8RS)
António Rojas to second
Batting: LHB David Hebert 0-0: Foul Ball, location: 2F
0-1: Foul Ball, location: 2F
0-2: Strikes out looking
Batting: RHB Frank Music 0-0: Fly out, F8 (Flyball, 8LM)
Top of the 5th over - 0 run(s), 1 hit(s), 0 error(s), 2 left on base; Masconomet HS 6 - Bishop Gorman HS 3
BOTTOM OF THE 5TH
Bishop Gorman HS Balbasaurs batting - Pitching for Masconomet HS Chieftans : LHP Clarence Gill
Batting: RHB Bryan Martínez 0-0: Called Strike
0-1: SINGLE (Groundball, 56)
Batting: RHB Steve Murphy 0-0: Called Strike
0-1: Foul Ball, location: 2F
0-2: Ball
1-2: Foul Ball, location: 2F
1-2: Strikes out swinging
Pitching: RHP Danny Owen
Batting: RHB Jake Rutledge 0-0: Called Strike
0-1: Ball
1-1: Swinging Strike
1-2: Ball
2-2: Foul Ball, location: 2F
2-2: Ball
3-2: Grounds into double play, 6-4-3 (Groundball, 6)
Bottom of the 5th over - 0 run(s), 1 hit(s), 0 error(s), 0 left on base; Masconomet HS 6 - Bishop Gorman HS 3
TOP OF THE 6TH
Masconomet HS Chieftans batting - Pitching for Bishop Gorman HS Balbasaurs : RHP Craig Stanley
Batting: RHB Tyler Robinson 0-0: Foul Ball, location: 2F
0-1: Called Strike
0-2: Ball
1-2: Ground out 6-3 (Groundball, 6)
Batting: RHB Tim Hesse 0-0: Ball
1-0: Fly out, F8 (Flyball, 8LS)
Batting: RHB Clancy Castro 0-0: Fly out, F6 (Popup, 6)
Top of the 6th over - 0 run(s), 0 hit(s), 0 error(s), 0 left on base; Masconomet HS 6 - Bishop Gorman HS 3
BOTTOM OF THE 6TH
Bishop Gorman HS Balbasaurs batting - Pitching for Masconomet HS Chieftans : RHP Danny Owen
Batting: LHB Jean-Sébastien Beaudin 0-0: Called Strike
0-1: Ball
1-1: Foul Ball, location: 2F
1-2: Fly out, F5 (Popup, 6)
Batting: RHB Sidney Gilbert 0-0: Ball
1-0: Ball
2-0: Ball
3-0: Base on Balls
Batting: RHB Max Kimball 0-0: Called Strike
0-1: Ball
1-1: Ball
2-1: Called Strike
2-2: Ball
3-2: Base on Balls
Sidney Gilbert to second
Batting: LHB Zhen-bang Rao 0-0: Ball
1-0: Ball
2-0: Called Strike
2-1: Ball
3-1: Swinging Strike
3-2: Reached on error, E6 (Groundball, 6M)
Sidney Gilbert to third
Max Kimball to second
Batting: RHB Ramón Chávez 0-0: Foul Ball, location: 2F
0-1: Ball
1-1: Foul Ball, location: 2F
1-2: Foul Ball, location: 2F
1-2: Ball
2-2: Ball
3-2: Strikes out looking
Batting: RHB Mario Ramírez 0-0: Ball
1-0: Called Strike
1-1: Ball
2-1: SINGLE (Line Drive, 9S)
Sidney Gilbert scores
Max Kimball to third
Zhen-bang Rao to second
Runner from 3rd tries for Home, SAFE, no throw or cutoff
Batting: RHB Bryan Martínez 0-0: Called Strike
0-1: Ball
1-1: Called Strike
1-2: Ball
2-2: Strikes out swinging
Bottom of the 6th over - 2 run(s), 1 hit(s), 1 error(s), 2 left on base; Masconomet HS 6 - Bishop Gorman HS 5
TOP OF THE 7TH
Masconomet HS Chieftans batting - Pitching for Bishop Gorman HS Balbasaurs : RHP Craig Stanley
Pitching: RHP Keith Crabtree
Batting: LHB Trent Andrews 0-0: Ball
1-0: Ground out U3 (Groundball, 3L)
Batting: RHB Ryan Beck 0-0: Ball
1-0: Foul Ball, location: 2F
1-1: Ball
2-1: Foul Ball, location: 2F
2-2: Ball
3-2: Base on Balls
Batting: RHB António Rojas 0-0: Called Strike
0-1: Ball
1-1: Foul Ball, location: 2F
1-2: Foul Ball, location: 2F
1-2: Strikes out swinging
Batting: SHB Jim Orr 0-0: SINGLE (Groundball, 13) (infield hit)
Ryan Beck to second
Batting: LHB David Hebert 0-0: Swinging Strike
0-1: Foul Ball, location: 2F
0-2: Ball
1-2: Strikes out swinging
Top of the 7th over - 0 run(s), 1 hit(s), 0 error(s), 2 left on base; Masconomet HS 6 - Bishop Gorman HS 5
BOTTOM OF THE 7TH
Bishop Gorman HS Balbasaurs batting - Pitching for Masconomet HS Chieftans : RHP Danny Owen
Batting: RHB Steve Murphy 0-0: Foul Ball, location: 2F
0-1: Swinging Strike
0-2: Foul Ball, location: 2F
0-2: Ball
1-2: Ball
2-2: Ball
3-2: Foul Ball, location: 2F
3-2: Foul Ball, location: 2F
3-2: Foul Ball, location: 2F
3-2: Foul Ball, location: 2F
3-2: Foul Ball, location: 2F
3-2: Base on Balls
Pitching: RHP Mitchell Fitzgerald
Batting: RHB Jake Rutledge 0-0: Fly out, F8 (Flyball, 8LD)
Batting: LHB Jean-Sébastien Beaudin 0-0: Ball
1-0: Ball
Throwing error on steal attempt, E2
Steve Murphy to third
2-0: Ball
3-0: Base on Balls
Batting: RHB Sidney Gilbert 0-0: Ball
1-0: Foul Ball, location: 2F
1-1: Fly out, F8 (Flyball, 8LM)
Runner from 3rd tags up, SCORES, no throw
Batting: RHB Max Kimball 0-0: Ball
1-0: Ball
2-0: Swinging Strike
2-1: Called Strike
2-2: Fly out, F4 (Popup, 34)
Bottom of the 7th over - 1 run(s), 0 hit(s), 1 error(s), 1 left on base; Masconomet HS 6 - Bishop Gorman HS 6
TOP OF THE 8TH
Masconomet HS Chieftans batting - Pitching for Bishop Gorman HS Balbasaurs : RHP Keith Crabtree
Batting: RHB Frank Music 0-0: Swinging Strike
0-1: Called Strike
0-2: Ball
1-2: Foul Ball, location: 2F
1-2: Foul Ball, location: 2F
1-2: Ball
2-2: Foul Ball, location: 2F
2-2: Foul Ball, location: 2F
2-2: Foul Ball, location: 2F
2-2: Foul Ball, location: 2F
2-2: Ball
3-2: Base on Balls
Batting: RHB Tyler Robinson 0-0: Foul Ball, location: 2F
0-1: Bunted foul
0-2: Ball
1-2: Strikes out swinging
Batting: RHB Tim Hesse 0-0: Ball
1-0: Foul Ball, location: 2F
1-1: Foul Ball, location: 2F
1-2: SINGLE (Line Drive, 78M)
Frank Music to second
Batting: RHB Clancy Castro 0-0: Swinging Strike
0-1: Hit by Pitch
Frank Music to third
Tim Hesse to second
Batting: LHB Trent Andrews 0-0: Called Strike
0-1: Foul Ball, location: 2F
0-2: Ball
1-2: Foul Ball, location: 2F
1-2: Ball
2-2: Ball
3-2: Base on Balls
Frank Music scores
Tim Hesse to third
Clancy Castro to second
Batting: RHB Ryan Beck 0-0: Swinging Strike
0-1: Ball
1-1: Ball
2-1: Ball
3-1: Base on Balls
Tim Hesse scores
Clancy Castro to third
Trent Andrews to second
Pitching: RHP Dexter Miller
Batting: RHB António Rojas 0-0: Ball
1-0: Ball
2-0: Called Strike
2-1: Foul Ball, location: 2F
2-2: Ball
3-2: Base on Balls
Clancy Castro scores
Trent Andrews to third
Ryan Beck to second
Batting: SHB Jim Orr 0-0: Fly out, F8 (Flyball, 8RM)
Batting: LHB David Hebert 0-0: Called Strike
0-1: Foul Ball, location: 2F
0-2: Ball
1-2: Strikes out swinging
Top of the 8th over - 3 run(s), 1 hit(s), 0 error(s), 3 left on base; Masconomet HS 9 - Bishop Gorman HS 6
BOTTOM OF THE 8TH
Bishop Gorman HS Balbasaurs batting - Pitching for Masconomet HS Chieftans : RHP Mitchell Fitzgerald
Batting: LHB Zhen-bang Rao 0-0: Called Strike
0-1: Ball
1-1: Called Strike
1-2: Foul Ball, location: 2F
1-2: Ball
2-2: Ball
3-2: Strikes out swinging
Batting: RHB Ramón Chávez 0-0: Called Strike
0-1: Foul Ball, location: 2F
0-2: Ball
1-2: Foul Ball, location: 2F
1-2: Foul Ball, location: 2F
1-2: Strikes out swinging
Batting: RHB Mario Ramírez 0-0: Ball
1-0: Foul Ball, location: 2F
1-1: Fly out, F9 (Flyball, 89M)
Bottom of the 8th over - 0 run(s), 0 hit(s), 0 error(s), 0 left on base; Masconomet HS 9 - Bishop Gorman HS 6
TOP OF THE 9TH
Masconomet HS Chieftans batting - Pitching for Bishop Gorman HS Balbasaurs : RHP Dexter Miller
Pitching: RHP Will Brown
Batting: RHB Frank Music 0-0: Called Strike
0-1: Ball
1-1: Ball
2-1: Called Strike
2-2: Ground out 2-3 (Groundball, 2R)
Batting: RHB Tyler Robinson 0-0: Ball
1-0: Foul Ball, location: 2F
1-1: Ball
2-1: Foul Ball, location: 2F
2-2: Foul Ball, location: 2F
2-2: Strikes out swinging
Batting: RHB Tim Hesse 0-0: Foul Ball, location: 2F
0-1: Ball
1-1: DOUBLE (Line Drive, 5L)
Batting: RHB Clancy Castro 0-0: Ball
1-0: Foul Ball, location: 2F
1-1: Foul Ball, location: 2F
1-2: Ball
2-2: Foul Ball, location: 2F
2-2: Ball
3-2: DOUBLE (Flyball, 78D)
Tim Hesse scores
Batting: LHB Trent Andrews 0-0: Called Strike
0-1: Reached on error, E6 (Groundball, 6)
Clancy Castro to third
Batting: RHB Ryan Beck 0-0: DOUBLE (Groundball, 5L)
Clancy Castro scores
Trent Andrews to third
Batting: RHB António Rojas 0-0: Ground out 5-3 (Groundball, 5S)
Top of the 9th over - 2 run(s), 3 hit(s), 1 error(s), 2 left on base; Masconomet HS 11 - Bishop Gorman HS 6
BOTTOM OF THE 9TH
Bishop Gorman HS Balbasaurs batting - Pitching for Masconomet HS Chieftans : RHP Mitchell Fitzgerald
Pitching: RHP Ron Lambert
Now in LF: Lee Justice
Batting: RHB Bryan Martínez 0-0: Foul Ball, location: 2F
0-1: Ball
1-1: Ground out 1-3 (Groundball, 15)
Batting: RHB Steve Murphy 0-0: Ball
1-0: Foul Ball, location: 2F
1-1: Foul Ball, location: 2F
1-2: Ball
2-2: Foul Ball, location: 2F
2-2: Foul Ball, location: 2F
2-2: Strikes out swinging
Batting: RHB Jake Rutledge 0-0: Ball
1-0: Swinging Strike
1-1: Ball
2-1: SINGLE (Line Drive, 89M)
Batting: LHB Jean-Sébastien Beaudin 0-0: Ball
1-0: Called Strike
1-1: Ball
2-1: Foul Ball, location: 2F
2-2: Ball
3-2: Base on Balls
Jake Rutledge to second
Batting: RHB Sidney Gilbert 0-0: Foul Ball, location: 2F
0-1: Ball
1-1: Ball
2-1: Fly out, F7 (Line Drive, 7M)
Bottom of the 9th over - 0 run(s), 1 hit(s), 0 error(s), 2 left on base; Masconomet HS 11 - Bishop Gorman HS 6
Monday, December 5th, 2016 - OOTP Baseball 17.12 Build 75